[Event "*** Titled Tuesday Blitz"]
[Site "Chess.com"]
[Date "2020.12.29"]
[Round "5"]
[White "Isajevsky_Anton"]
[Black "elamier"]
[Result "1/2-1/2"]
[WhiteElo "2575"]
[BlackElo "2413"]
[TimeControl "180+1"]
[EndTime "10:56:27 PST"]
[Termination "Game drawn by stalemate"]

1. c4 Nf6 2. Nc3 d5 3. cxd5 Nxd5 4. Nf3 g6 5. Qb3 Nb6 6. d4 Bg7 7. Bf4 O-O 8. Rd1 c6 9. e3 Be6 10. Qc2 h6 11. Be2 N8d7 12. O-O Rc8 13. h3 Nf6 14. Bh2 Bc4 15. e4 Bxe2 16. Qxe2 e6 17. a3 Qe7 18. b4 Rfd8 19. Rb1 Nfd7 20. Rfd1 e5 21. d5 cxd5 22. Nxd5 Nxd5 23. exd5 e4 24. d6 Qe8 25. Nd4 Be5 26. Nb5 Bxh2+ 27. Kxh2 Qe5+ 28.
Kg1 a6 29. Nc7 Nf6 30. Qd2 Rd7 31. Qd4 Qf5 32. Qc5 Rcd8 33. Rd4 Kg7 34. Rbd1 e3 35. fxe3 Ne4 36. Qxf5 gxf5 37. b5 Rxd6 38. bxa6 Rxd4 39. Rxd4 Rxd4 40. exd4 bxa6 41. Nxa6 Nc3 42. Nb4 Nb5 43. a4 Nxd4 44. a5 Nb5 45. a6 Kf6 46. Nc6 Nc7 47. a7 Ke6 48. Kf2 Kd6 49. Nd4 Kc5 50. Nxf5 Kb6 51. Nxh6 f6 52. Ng4 Kxa7 53. Nxf6 Kb7 54.
Kf3 Kc6 55. Kf4 Kd6 56. Kf5 Ke7 57. g4 Kf7 58. h4 Nb5 59. g5 Nd4+ 60. Kg4 Ne6 61. h5 Nd4 62. Ne4 Kg7 63. Ng3 Ne6 64. Nf5+ Kh7 65. g6+ Kg8 66. h6 Nf8 67. Kh5 Ne6 68.
h7+ Kh8 69. Nh6 Nf4+ 70. Kg5 Nxg6 71. Kxg6 1/2-1/2

[Event "*** Titled Tuesday Blitz"]
[Site "Chess.com"]
[Date "2020.12.29"]
[Round "5"]
[White "ExtremeLearner"]
[Black "MarcoCorvi"]
[Result "1-0"]
[WhiteElo "2364"]
[BlackElo "2177"]
[TimeControl "180+1"]
[EndTime "10:56:28 PST"]
[Termination "ExtremeLearner won by resignation"]

1. d4 Nf6 2. Nf3 g6 3. g3 Bg7 4.
Bg2 d6 5. O-O O-O 6. b3 Nbd7 7. Bb2 c5 8. c4 cxd4 9. Nxd4 Nc5 10. Nc3 a5 11. e4 Bg4 12. f3 Bd7 13.
Kh1 Qb6 14. Ba3 Rfc8 15. Rb1 Qd8 16. Ncb5 h5 17. Qe2 Bxb5 18. Nxb5 Nfd7 19. Rbd1 Qf8 20.
Bb2 Bxb2 21. Qxb2 Qg7 22. Qxg7+ Kxg7 23. f4 a4 24. b4 Na6 25. e5 Rxc4 26. exd6 Nxb4 27.
dxe7 Nf6 28. Rd8 Rcc8 29. Rfd1 Nc6 30. Bxc6 bxc6 31. Nc7 Rxc7 32. Rxa8 Rxe7 33. Rxa4 Ng4 34. Rf1 Re2 35. h3 Ne3 36. Rc1 Nf5 37. Rac4 Nxg3+ 38. Kg1 Nf5 39. Rxc6 Rxa2 40. Rc7 Ra3 41. Kh2 Rf3 42.
Rb7 Rxf4 43. Rcc7 Nh4 44. Kg3 g5 45. Rc5 Kg6 46. Rb6+ f6 47. Rbb5 Nf5+ 48. Kh2 h4 49. Rc7 Ne3 50. Rbb7 Rf2+ 51. Kh1 Rf3 52. Kh2 Kf5 53. Rb4 Nd5 54. Rc5 Rd3 55. Rbb5 Ke5 56. Kg2 f5 57. Kf2 g4 58. hxg4 fxg4 59. Rc4 g3+ 60. Kg2 Rd4 61. Rc8 Ke4 62. Re8+ Kd3 63.
Kh3 Nf4+ 64. Kxh4 Ne2+ 65. Kh3 Rc4 66. Rd8+ Rd4 67. Rg5 Ke4 68. Rg4+ Nf4+ 69. Rxf4+ Kxf4 70. Rxd4+ Ke3 71. Rg4 Kf3 72. Rxg3+ Ke2 73. Kg2 Ke1 74. Rf3 Kd2 75. Kg3 Kc2 76. Kf4 1-0

[Event "*** Titled Tuesday Blitz"]
[Site "Chess.com"]
[Date "2020.12.29"]
[Round "5"]
[White "SamuelGhimpu2003"]
[Black "ShimanovAlex"]
[Result "0-1"]
[WhiteElo "2606"]
[BlackElo "2844"]
[TimeControl "180+1"]
[EndTime "10:56:30 PST"]
[Termination "ShimanovAlex won on time"]

1. d4 Nf6 2. c4 e6 3. Nc3 d5 4.
Nf3 Nbd7 5. Bf4 Bb4 6. e3 c5 7. Be2 Qa5 8. O-O Bxc3 9. bxc3 O-O 10. Qb3 b6 11. cxd5 exd5 12. c4 Ba6 13. Rac1 Rac8 14.
dxc5 Nxc5 15. Qb2 Na4 16. Qb3 Ne4 17. Be5 Nac5 18. Qb2 f6 19. Bd4 Ne6 20. cxd5 Bxe2 21. Qxe2 Qxd5 22. Ba1 Rfd8 23. Nd4 Nxd4 24. Bxd4 h5 25.
h3 Qe6 26. Qa6 Qd7 27. a4 Kh7 28. a5 bxa5 29. Qxa5 Kg6 30. Qxa7 Rxc1 31. Rxc1 Qxa7 32. Bxa7 Rd2 33. Rf1 h4 34. Bd4 Kf5 35. Bb6 g5 36. f3 Ng3 37. e4+ Ke6 38. Rb1 Re2 39. Bf2 Nh5 40.
Kf1 Ra2 41. Rb6+ Kf7 42. Bd4 Ng3+ 43. Ke1 Nh5 44. Kf1 Rd2 45. Bc3 Rc2 46. Rc6 Ng3+ 47. Ke1 Nh5 48. Kf1 Ra2 49. Bd4 Ke7 50. Rb6 Ra4 51. Bb2 Rc4 52. Ke1 Rc2 53. Kf1 Kf7 54.
Bd4 Rc4 55. Bb2 Rc2 56. Bd4 Rc1+ 57. Kf2 Rd1 58. Bc3 Rd3 59. Rc6 Ke7 60. Ke2 Nf4+ 61. Kf2 Nh5 62. Ke2 Rd7 63. Rb6 Rc7 64. Bd4 Rc2+ 65.
Kf1 Ng3+ 66. Ke1 Nh5 67. Kf1 Rd2 68. Bc3 Rd1+ 69. Ke2 Rh1 70. Rb7+ Ke6 71. Rb6+ Kf7 72. e5 Nf4+ 73. Ke3 Nd5+ 0-1

[Event "*** Titled Tuesday Blitz"]
[Site "Chess.com"]
[Date "2020.12.29"]
[Round "5"]
[White "Lagmantr"]
[Black "Anna_ChessMate"]
[Result "1-0"]
[WhiteElo "2782"]
[BlackElo "2555"]
[TimeControl "180+1"]
[EndTime "10:56:30 PST"]
[Termination "Lagmantr won on time"]

1. e4 c6 2. d4 d5 3. Nc3 dxe4 4. Nxe4 Bf5 5. Ng3 Bg6 6. Bc4 e6 7. N1e2 Bd6 8. O-O Qc7 9. f4 Ne7 10. c3 O-O 11. Bd2 Nd7 12. Bb3 a5 13. a4 b5 14. Kh1 h6 15. Bc2 Bxc2 16. Qxc2 b4 17. c4 c5 18. b3 Nf6 19. f5 exf5 20. Nxf5 Nxf5 21. Qxf5 cxd4 22. Bxh6 Nh7 23. Bf4 Bxf4 24. Rxf4 Ra6 25. Rh4 g6 26. Qh3 f5 27. Nxd4 Qg7 28. Rf1 Ng5 29. Qd3 Rd6 30. c5 Rd5 31. Qc4 Qf7 32.
c6 Rc8 33. g4 f4 34. Ne2 f3 35. Nf4 Rd6 36. Qxf7+ Kxf7 37. Nh3 Kf6 38. Nxg5 Kxg5 39. Rh3 Rdxc6 40. Rhxf3 Kxg4 41. Rg3+ Kh5 42. Rfg1 Rc3 43. Rg5+ Kh6 44. Rxg6+ Kh7 45. Rg7+ Kh8 46. R7g5 Rh3 47. Rxa5 Rc2 48. Ra8+ Kh7 49. Rgg8 Rcxh2+ 50. Kg1 Rh1+ 51. Kg2 R1h2+ 52. Kf1 Rh1+ 53. Rg1 Rxg1+ 54. Kxg1 Rxb3 55. Kf2 Ra3 56. Ke2 b3 57. Kd2 b2 58. Kc2 Ra2 59. Kb1 Ra3 60. Kxb2 Rf3 61. Rc8 Kg7 62.
a5 Rf5 63. a6 Rb5+ 64. Kc3 Ra5 65. Rc6 Kf7 66. Kb4 Ra1 67. Kc5 Ke7 68. Kb6 Kd7 69.
Kb7 Rb1+ 70. Rb6 Ra1 71. a7 Rxa7+ 72. Kxa7 1-0

[Event "*** Titled Tuesday Blitz"]
[Site "Chess.com"]
[Date "2020.12.29"]
[Round "5"]
[White "DryCounty"]
[Black "BrandonJacobson"]
[Result "0-1"]
[WhiteElo "2624"]
[BlackElo "2922"]
[TimeControl "180+1"]
[EndTime "10:56:34 PST"]
[Termination "BrandonJacobson won on time"]

1. Nf3 d5 2. g3 g6 3. c4 dxc4 4. Na3 Nc6 5. Nxc4 Bg7 6. Bg2 e5 7. d3 Be6 8. O-O h6 9. a3 Nge7 10. Qc2 O-O 11. Bd2 Nf5 12. Bc3 Nfd4 13. Bxd4 exd4 14.
b4 Ne7 15. Rac1 c6 16. Nfd2 Nd5 17. Ne4 Qe7 18. Na5 Rae8 19. Qc5 Bg4 20. Qxe7 Rxe7 21. Bf3 Bxf3 22. exf3 Nc3 23. Kg2 Rd8 24. Nc5 Rb8 25.
Rfe1 Rc7 26. Nc4 b6 27. Na6 Rbb7 28. Nxc7 Rxc7 29. Re8+ Kh7 30. Rce1 Nd5 31. Nd6 Rd7 32. Nc4 Bf6 33. Rc8 Ne7 34. Ra8 Kg7 35. Ne5 Rc7 36. f4 Nd5 37. Rc1 Nc3 38. Nc4 Re7 39. Rc8 Re6 40. Rc2 Re1 41. Ne5 Bxe5 42. fxe5 Rxe5 43.
Rxc6 Rd5 44. Rc4 a5 45. bxa5 bxa5 46. R4xc3 dxc3 47. Rxc3 Kf6 48. Kf3 Ke5 49. Ke3 Kd6 50.
d4 Rb5 51. Ke4 Rb2 52. Rf3 f5+ 53. Kd3 Kd5 54. Re3 Rxf2 55. Re5+ Kd6 56. Rxa5 Rxh2 57. Ra6+ Kd5 58. Rxg6 Ra2 59. Rxh6 Rxa3+ 60. Ke2 Rxg3 61.
Kf2 Ra3 62. Rf6 Ke4 63. Rf8 Ra2+ 64. Kg3 Ra3+ 65. Kf2 Rd3 66. Re8+ Kf4 67. d5 Rd2+ 68. Ke1 Rxd5 69. Re2 Kf3 70. Ra2 f4 71. Ra3+ Kg2 72.
Ra2+ Kg3 73. Ra3+ f3 74. Ra2 Rb5 75. Ra1 Rc5 76. Kf1 Rc2 77. Rd1 Rf2+ 78. Kg1 Rg2+ 79.
Kh1 Rh2+ 80. Kg1 f2+ 81. Kf1 Rh1+ 82. Ke2 Rxd1 0-1

[Event "*** Titled Tuesday Blitz"]
[Site "Chess.com"]
[Date "2020.12.29"]
[Round "5"]
[White "serena-maria"]
[Black "azikom"]
[Result "0-1"]
[WhiteElo "2380"]
[BlackElo "2611"]
[TimeControl "180+1"]
[EndTime "10:56:38 PST"]
[Termination "azikom won by checkmate"]

1. Nf3 d5 2. g3 Nf6 3. Bg2 c6 4. O-O Bg4 5. h3 Bh5 6. c4 e6 7. d4 Nbd7 8. cxd5 exd5 9. Qb3 Qb6 10. Qe3+ Be7 11. Nh4 Bg6 12. Nc3 Kf8 13. f4 Re8 14. f5 Bh5 15. g4 Nxg4 16. hxg4 Bxh4 17. Qf4 Bg5 18. Qd6+ Be7 19. Qf4 g5 20. Qd2 Bxg4 21. Bxd5 cxd5 22. Nxd5 Qd6 23. e4 Qg3+ 24. Qg2 Qxg2+ 25.
Kxg2 h5 26. e5 Nb6 27. Nxb6 axb6 28. f6 Bd8 29. Bxg5 b5 30. a4 Bb6 31. Be3 Kg8 32.
axb5 Kh7 33. Ra4 Rhg8 34. Kh2 Rd8 35. Rc1 Ra8 36. Rac4 Rge8 37. R4c2 Kg6 38. Kg3 Ra4 39. Kf4 Bxd4 40. Rc4 Bxe3+ 41. Kxe3 Rxe5+ 42. Kf4 Rxc4+ 43.
Rxc4 Rf5+ 44. Kg3 Rxb5 45. Rc7 Rxb2 46. Kh4 Rb3 47. Rc3 Rb6 48. Rb3 Rxf6 49. Rxb7 Kg7 50. Kg5 Rg6+ 51. Kh4 Re6 52. Rb3 Rf6 53. Kg5 Rf3 54. Rb6 Rf1 55. Kh4 Rh1+ 56. Kg5 Rg1 57. Kh4 Bf3 58. Rb3 Rg4+ 59. Kh3 Bd1 60. Rb5 Rg6 61. Kh2 Bg4 62. Ra5 Kh6 63. Kg3 Re6 64. Kh4 f6 65. Ra7 Kg6 66. Ra5 Re1 67. Kg3 Rg1+ 68.
Kh4 Rh1+ 69. Kg3 Rh3+ 70. Kg2 f5 71. Ra6+ Kg5 72. Ra8 Rc3 73. Ra7 Rc2+ 74. Kf1 f4 75. Rg7+ Kh4 76. Kg1 Kg3 77. Kf1 Rc1# 0-1

[Event "*** Titled Tuesday Blitz"]
[Site "Chess.com"]
[Date "2020.12.29"]
[Round "5"]
[White "lavr92"]
[Black "OK97"]
[Result "1-0"]
[WhiteElo "2617"]
[BlackElo "2787"]
[TimeControl "180+1"]
[EndTime "10:57:04 PST"]
[Termination "lavr92 won by checkmate"]

1. d4 d6 2. Nf3 Nf6 3. c4 g6 4. Nc3 Bf5 5. Qb3 b6 6. g3 Nc6 7.
Bg2 Bg7 8. O-O O-O 9. Qa4 Na5 10.
Nh4 Bd7 11. Qd1 Rb8 12. b3 c5 13. Nf3 Qc8 14. Re1 Bh3 15. Bh1 Nc6 16. d5 Na5 17. Bb2 a6 18. e4 b5 19. cxb5 axb5 20. e5 Ng4 21. e6 fxe6 22. dxe6 Nxf2 23. Kxf2 Bd4+ 24. Re3 Qxe6 25. Qxd4 cxd4 26. Rxe6 Bxe6 27. Ne4 Bg4 28. Rf1 e5 29. Nxd6 Rbd8 30. Ba3 Rf6 31. Ne4 Rc6 32. Ke1 Bf5 33. Nfd2 Rc2 34. g4 Rxa2 35.
Be7 Rc8 36. gxf5 Rc1+ 37. Ke2 Rxf1 38. Kxf1 gxf5 39. Bb4 fxe4 40. Bxe4 Nc6 41. Bxc6 Kg7 42. Be4 Ra1+ 43. Ke2 h5 44. h3 Kf6 45. Bc5 Kg5 46. b4 Kf4 47. Bc6 Rg1 48. Bxb5 Rg2+ 49. Kd3 Rg3+ 50. Kc4 Rxh3 51. Bc6 Rc3+ 52. Kd5 h4 53. b5 h3 54. Bd6 h2 55. Bxe5+ Kf5 56. Bxh2 d3 57.
Be5 Rc2 58. Ne4 d2 59. Nxd2 Rxd2+ 60. Bd4 Kf4 61. b6 Rd1 62. b7 Rb1 63. b8=Q+ Rxb8 64. Be5+ Ke3 65. Bxb8 Kd3 66. Kc5 Ke3 67. Bd6 Kd3 68.
Bd5 Ke3 69. Kc4 Kf2 70. Kd4 Ke2 71. Bc5 Kd2 72. Bc4 Kc2 73. Bb4 Kb2 74. Kd3 Kc1 75.
Bb3 Kb2 76. Ba4 Kc1 77. Kc3 Kb1 78. Ba3 Ka2 79. Kb4 Ka1 80. Bb3 Kb1 81. Kc3 Ka1 82. Bc1 Kb1 83. Bh6 Ka1 84. Bg7 Kb1 85. Bc2+ Ka2 86.
Bb3+ Kb1 87. Bf6 Kc1 88. Bg5+ Kb1 89. Bc4 Ka1 90. Kb3 Kb1 91. Bd3+ Ka1 92. Bf6# 1-0

[Event "*** Titled Tuesday Blitz"]
[Site "Chess.com"]
[Date "2020.12.29"]
[Round "5"]
[White "Savva09022009"]
[Black "ShahMatKanal"]
[Result "0-1"]
[WhiteElo "2613"]
[BlackElo "2441"]
[TimeControl "180+1"]
[EndTime "10:57:06 PST"]
[Termination "ShahMatKanal won by checkmate"]

1. d4 e6 2. Nc3 d5 3. Bf4 a6 4.
e3 Bd6 5. Nf3 Ne7 6. Bd3 c5 7.
O-O Nbc6 8. dxc5 Bxc5 9. e4 d4 10. Ne2 Ng6 11. Bg5 f6 12. Bd2 O-O 13. Ne1 Nge5 14. f4 Nxd3 15. Nxd3 Bb6 16. Ng3 f5 17. exf5 exf5 18. Qf3 Be6 19. Rfe1 Bd5 20. Qf2 Qf6 21. b3 Rae8 22. Rxe8 Rxe8 23. Re1 Re4 24. Kh1 Qe6 25. Nxe4 fxe4 26. f5 Qf6 27. Nf4 Qxf5 28. Qg3 e3 29.
Bc1 Be4 30. Rf1 Bc7 31. Kg1 g5 32. Ne2 Bxg3 33. Rxf5 Bxf5 34. Nxg3 Bxc2 35. Kf1 d3 36. Bxe3 h6 37. Ke1 Nb4 38. a3 Nd5 39. Kd2 Bxb3 40. Kxd3 Nxe3 41. Kxe3 Bd5 42. Nf5 Kh7 43. g3 h5 44. Nd6 Kg6 45. Kd4 Bg2 46. a4 h4 47.
a5 hxg3 48. hxg3 Kh5 49. Ke3 Kg4 50. Kf2 Bc6 51. Nc4 Kf5 52. Ke3 Ke6 53. Kd4 Bb5 54.
Ne3 Bc6 55. Nf1 Bg2 56. Ne3 Bf3 57. Nf1 Kd6 58. Ne3 Kc6 59. Kc4 Be2+ 60. Kb4 Kd6 61.
Nf5+ Ke5 62. Ng7 Bg4 63. Ne8 Bd7 64. Ng7 Kf6 65. Nh5+ Kg6 66. g4 Bxg4 67. Ng3 Bf3 68. Kc4 g4 69. Kd4 Kg5 70. Ke3 Kh4 71. Kf4 Bc6 72. Nf5+ Kh3 73. Ng3 Bf3 74. Nf5 Kg2 75. Ne3+ Kf2 76. Nf5 Ke2 77. Ke5 Kd3 78. Kd6 Kc4 79. Ng3 Kb5 80. Nf5 Kxa5 81. Ng3 Kb4 82. Ke5 a5 83. Kd4 a4 84. Kd3 Kb3 85. Kd2 a3 86. Nf5 a2 87. Ne3 a1=Q 88. Nf5 Qc3# 0-1

[Event "*** Titled Tuesday Blitz"]
[Site "Chess.com"]
[Date "2020.12.29"]
[Round "5"]
[White "Keranke"]
[Black "igorkovalenko"]
[Result "1-0"]
[WhiteElo "2839"]
[BlackElo "2907"]
[TimeControl "180+1"]
[EndTime "10:57:19 PST"]
[Termination "Keranke won by resignation"]

1. d4 Nf6 2. Bf4 b6 3. e3 Bb7 4.
Nf3 g6 5. h3 Bg7 6. Be2 O-O 7.
O-O d6 8. c4 Nfd7 9. Nc3 e5 10.
Bh2 Nc6 11. Nd5 exd4 12. exd4 Ne7 13. Ne3 Re8 14. Rc1 a5 15. Re1 a4 16. Qc2 Ra5 17.
Rcd1 Qa8 18. d5 Nc5 19. Nd4 Bc8 20. Bf3 Bd7 21. Bf4 Qb7 22. Ng4 Bxg4 23. hxg4 Raa8 24. Bg5 Kf8 25. Qd2 Ng8 26. Nc6 h6 27. Be3 Qa6 28. Rc1 Rac8 29. g3 g5 30. Qc2 Ne7 31. Nd4 Kg8 32.
Kg2 Bf6 33. Rh1 Kg7 34. Rh5 Rh8 35. Rch1 Rce8 36. Be2 Qc8 37. b4 axb3 38. axb3 Nd7 39.
f4 Nxd5 40. Nf5+ Kf8 41. cxd5 Qa8 42. Bf3 gxf4 43. Bxf4 Nc5 44. b4 Qa4 45. Qxa4 Nxa4 46. Rxh6 Rxh6 47. Rxh6 Bc3 48. b5 Nc5 49. Bg5 Nd3 50. Bf6 Bxf6 51. Rxf6 Ne1+ 52. Kf2 Nd3+ 53. Kf1 Re1+ 54. Kg2 Rb1 55. Rh6 Kg8 56. Be4 Rb2+ 57.
Kf3 Ne5+ 58. Kf4 Rb4 59. Ne3 Rxb5 60. Rh5 Rb4 61. Rg5+ Kf8 62. Rf5 Rb2 63. Kg5 Kg7 64. Rf4 Re2 65. Nf5+ Kf8 66. Nh6 b5 67. Bf5 Kg7 68.
Bc8 b4 69. Nf5+ Kf8 70. Rxb4 Rd2 71. Bb7 Nd3 72. Rd4 Ne5 73. Rxd2 Nf3+ 74. Kf6 Nxd2 75. Kg5 Ne4+ 76. Kf4 Nc5 77. Bc6 Nd3+ 78. Kg5 Ne5 79. Nd4 Kg7 80. Nb5 f6+ 81. Kf5 Kf7 82. Nxc7 Nf3 83.
Nb5 Ke7 84. Kf4 Ng5 85. Nd4 Nh3+ 86. Ke4 Kd8 87. Kf5 Ke7 88. Kg6 Nf2 89. Nf5+ Kd8 90. Kxf6 Nxg4+ 91. Ke6 Ne5 92. Nxd6 Nd3 93. Nf7+ Kc7 94.
g4 Nf4+ 95. Kf5 Ne2 96. g5 Nd4+ 97. Kf6 1-0

[Event "*** Titled Tuesday Blitz"]
[Site "Chess.com"]
[Date "2020.12.29"]
[Round "5"]
[White "VerdeNotte"]
[Black "Msb2"]
[Result "1/2-1/2"]
[WhiteElo "2895"]
[BlackElo "2794"]
[TimeControl "180+1"]
[EndTime "10:57:23 PST"]
[Termination "Game drawn by repetition"]

1. e4 e6 2. d4 d5 3. e5 c5 4. c3 Nc6 5. Nf3 Qb6 6. Bd3 cxd4 7. O-O Bd7 8. Re1 Nh6 9. c4 dxc4 10. Bxc4 Be7 11. Nbd2 Nf5 12. Ne4 O-O 13. a3 Rac8 14.
Bd3 h6 15. b4 a6 16. Bf4 Bd8 17. Nc5 Be8 18. Qd2 h5 19. Rac1 Nce7 20. Ng5 Ng6 21.
Nge4 Be7 22. Nd6 Rd8 23. Bxf5 exf5 24. Nxf5 Bc6 25. Bg5 Rde8 26. Nxe7+ Nxe7 27. Bxe7 Rxe7 28. Qxd4 Rfe8 29. h3 Rd8 30. Qh4 Qc7 31. Qxh5 Rd5 32. Qg4 Rdxe5 33. Rxe5 Qxe5 34. a4 g6 35. b5 axb5 36.
axb5 Bxb5 37. Qc8+ Kg7 38. Qg4 Bc6 39. Nd3 Qf6 40.
Nf4 Re5 41. h4 Rf5 42. g3 Qe5 43. Qe2 Qxe2 44. Nxe2 Re5 45. Nd4 Bd5 46. f4 Re4 47.
Rd1 Re3 48. Kf2 Ra3 49. Ne2 Bc6 50. Rd2 Be4 51. Nd4 f5 52. Rb2 Kf6 53. Rb6+ Kf7 54. Ne6 Rf3+ 55. Ke1 Rxg3 56. Ng5+ Kg7 57. Nxe4 Re3+ 58.
Kf2 Rxe4 59. Rxb7+ Kh6 60. Kf3 Ra4 61. Rb3 Kh5 62.
Kg3 Rc4 63. Ra3 Rb4 64. Rc3 Rb1 65. Ra3 Rg1+ 66. Kf2 Rg4 67. Kf3 Kxh4 68. Ra6 Rg3+ 69. Kf2 Rg4 70. Kf3 Kh5 71. Ra8 Kh6 72. Rh8+ Kg7 73.
Ra8 Rh4 74. Ra7+ Kh6 75. Ra8 Rh3+ 76. Kg2 Rb3 77. Rh8+ Kg7 78. Ra8 Rc3 79. Kf2 Kf7 80. Kg2 Ke6 81. Ra6+ Kd5 82. Rxg6 Ke4 83. Ra6 Kxf4 84.
Kf2 Rc2+ 85. Kf1 Kg4 86. Ra3 Rd2 87. Ke1 Rd4 88. Kf2 Rf4+ 89. Kg2 Rb4 90. Rg3+ Kf4 91. Rf3+ Ke4 92. Ra3 Rd4 93. Kf2 Rd2+ 94. Ke1 Rg2 95. Kf1 Rh2 96. Kg1 Rc2 97. Kf1 f4 98. Rb3 Kf5 99. Ra3 Kg4 100. Rb3 Ra2 101. Rc3 Ra4 102. Rb3 f3 103. Rb8 Ra1+ 104. Kf2 Ra2+ 105. Kf1 Ra1+ 106. Kf2 Ra2+ 107. Kf1 Ra1+ 1/2-1/2

[Event "*** Titled Tuesday Blitz"]
[Site "Chess.com"]
[Date "2020.12.29"]
[Round "5"]
[White "mishanick"]
[Black "platy3"]
[Result "1/2-1/2"]
[WhiteElo "2989"]
[BlackElo "2846"]
[TimeControl "180+1"]
[EndTime "10:57:25 PST"]
[Termination "Game drawn by repetition"]

1. c4 Nf6 2. Nc3 e6 3. e4 d5 4. cxd5 exd5 5. e5 Ne4 6. d4 Bb4 7. Qa4+ Nc6 8. Bb5 O-O 9. Ne2 Bd7 10. O-O Bxc3 11. bxc3 a6 12. Bxc6 Bxc6 13. Qc2 Bb5 14. Re1 Qh4 15. Nf4 Bc4 16. Be3 f6 17. Ne6 Rf7 18. f3 Re8 19. Nxc7 Rxc7 20. fxe4 Qxe4 21. Qxe4 dxe4 22. Bf4 Bd5 23. Rac1 Rc6 24. exf6 Rxf6 25. Be5 Rc6 26. a3 b5 27. Re3 Rec8 28. h4 Rg6 29. Kh2 h6 30. Rf1 Rf8 31. Rxf8+ Kxf8 32. Kh3 Be6+ 33. Kh2 Bd5 34. Re1 Rc6 35. Re3 Kf7 36.
h5 g5 37. Kg3 Rc4 38. Kf2 Ke6 39. Bg7 Rc7 40. Bxh6 Rh7 41. Bxg5 Rxh5 42. Bd8 Rh1 43. Ba5 Ra1 44. Bb4 Ra2+ 45. Kg3 Kf5 46. Bc5 a5 47. Bd6 a4 48. Kh3 Bc4 49. g4+ Ke6 50. Bb4 Bd3 51. Kh4 Rg2 52. Kg5 Kd5 53. Kf5 Rf2+ 54.
Kg5 Rg2 55. Kf4 Rf2+ 56. Kg3 Rf1 57. g5 Rg1+ 58. Kf4 Rf1+ 59. Kg4 Rg1+ 60. Rg3 Be2+ 61. Kf4 Rxg3 62. Kxg3 Bh5 63. Kf4 Bg6 64. Ba5 Bh7 65.
Kg4 Bg6 66. Bc7 Kc4 67. Ba5 e3 68. Kf3 Kd3 69. Kg3 Kc4 70. Bb4 Bh5 71. Ba5 Kd5 72. Kf4 e2 73. c4+ Kxc4 74. Ke3 Kb3 75. d5 Kxa3 76. d6 b4 77. Bxb4+ Kxb4 78. Kf2 a3 79. d7 a2 80. d8=Q a1=Q 81. Qd6+ Kb5 82. Qd5+ Kb6 83. Qd6+ Kb5 84. Qd5+ Kb4 85. Qd6+ Kb3 86. Qd5+ Kb2 87. Qd4+ Kb1 88. Qd3+ Ka2 89. Qc4+ Kb1 90. Qd3+ Ka2 91. Qa6+ Kb1 92. Qd3+ 1/2-1/2

[Event "*** Titled Tuesday Blitz"]
[Site "Chess.com"]
[Date "2020.12.29"]
[Round "5"]
[White "WPWPWP-2015"]
[Black "horripile"]
[Result "1-0"]
[WhiteElo "2470"]
[BlackElo "2676"]
[TimeControl "180+1"]
[EndTime "10:57:53 PST"]
[Termination "WPWPWP-2015 won by checkmate"]

1. e4 d6 2. d4 Nf6 3. Nc3 e5 4. Nf3 Nbd7 5. Bc4 exd4 6. Nxd4 Nb6 7. Bb3 c5 8. Nf3 c4 9. Ba4+ Nxa4 10. Nxa4 Nxe4 11.
Qd5 Nc5 12. Nxc5 Qa5+ 13. Bd2 Qxc5 14. Qxc5 dxc5 15. O-O-O f6 16. Bf4 Be6 17. Rhe1 Kf7 18. h3 Be7 19. Be3 Rhd8 20. a3 Bd5 21. Rd2 Bxf3 22. gxf3 b6 23. Red1 Rxd2 24. Rxd2 Rd8 25.
Re2 Rd5 26. Rd2 Ke6 27. Rxd5 Kxd5 28. Kd2 Bd6 29. c3 b5 30. Ke2 a5 31. Bd2 g5 32. Be3 Ke6 33. Bd2 h5 34. Be3 Kf5 35. Kf1 Ke6 36. Ke2 Kd5 37. Kf1 b4 38. a4 b3 39. Ke2 Be5 40. Bd2 Ke6 41. Kf1 Kf5 42.
Kg2 Bf4 43. Be3 Ke5 44. Bxc5 Bc1 45. Ba3 Kf4 46. Bd6+ Kf5 47. Ba3 Ke5 48. Kf1 f5 49. Ke2 g4 50. fxg4 fxg4 51. hxg4 h4 52. f3 h3 53. Kf2 Bf4 54. Bc5 Kf6 55. Bd4+ Kg5 56.
Bc5 Be5 57. Ba3 Kf4 58. Bf8 Kg5 59. Be7+ Kg6 60. Ba3 Kf6 61. Kf1 Bf4 62. Kf2 Kg5 63. Be7+ Kg6 64. Bc5 Bd2 65. Ba3 Kg5 66. Kg3 h2 67.
Kxh2 Kf4 68. Kg2 Ke3 69. g5 Kd3 70. g6 Bh6 71. Kg3 Kc2 72. Kg4 Bg7 73. f4 Kb1 74.
Kg5 Ka2 75. f5 Bxc3 76. f6 Bxb2 77. Bxb2 Kxb2 78. g7 c3 79. g8=Q c2 80. Qc4 c1=Q+ 81. Qxc1+ Kxc1 82. f7 b2 83. f8=Q b1=Q 84. Qc5+ Qc2 85.
Qxa5 Qg2+ 86. Kf5 Qf3+ 87. Ke6 Qg4+ 88. Ke7 Qh4+ 89. Kd7 Kb2 90. Qb5+ Ka3 91. a5 Qh7+ 92. Kc6 Qg6+ 93. Kb7 Qf7+ 94. Kb6 Qe6+ 95. Qc6 Qe7 96. a6 Qe2 97. a7 Qf2+ 98. Qc5+ Ka4 99. Qxf2 Kb4 100. Qf4+ Kb3 101. Qe3+ Kc4 102. Qe4+ Kb3 103. Kc5 Kc3 104. Qd4+ Kb3 105. Qc4+ Kb2 106. Qb4+ Kc2 107. Kc4 Kc1 108. a8=Q Kc2 109. Qa2+ Kd1 110. Qbd2# 1-0

[Event "*** Titled Tuesday Blitz"]
[Site "Chess.com"]
[Date "2020.12.29"]
[Round "5"]
[White "klimkoj"]
[Black "vrekhson"]
[Result "1/2-1/2"]
[WhiteElo "2580"]
[BlackElo "2250"]
[TimeControl "180+1"]
[EndTime "10:57:55 PST"]
[Termination "Game drawn by stalemate"]

1. e4 c5 2. Nf3 a6 3. c3 e6 4. d4 d5 5. exd5 exd5 6. Bd3 Nf6 7. O-O Be7 8. dxc5 Bxc5 9. Re1+ Be7 10. Qe2 Nc6 11.
Ne5 Be6 12. Nxc6 bxc6 13. f4 O-O 14. f5 Bc5+ 15. Kh1 Bd7 16. Qf3 Re8 17. Rxe8+ Qxe8 18. Bd2 Ne4 19. Be3 Bxe3 20. Qxe3 Bxf5 21. Na3 Rb8 22.
b3 Bg6 23. Bxe4 Qxe4 24. Qxe4 Bxe4 25. Kg1 f6 26. Re1 Kf7 27. Kf2 Ke6 28. g3 g5 29.
Nc2 c5 30. Ne3 f5 31. Rc1 Rd8 32. Nf1 d4 33. cxd4 cxd4 34. Ke1 Rd6 35. Kd2 Rc6 36.
Rxc6+ Bxc6 37. Ke1 Ke5 38. Nd2 Be4 39. Nc4+ Kd5 40. Kd2 Kc5 41. a3 f4 42. gxf4 gxf4 43. Nb2 a5 44. Nc4 a4 45. Na5 axb3 46. Nxb3+ Kc4 47. Na5+ Kb5 48. Nb3 Kc4 49. Na5+ Kd5 50. Nb3 f3 51. a4 Bc2 52. Nc1 Bxa4 53. Nd3 Bb5 54. Nf2 Ke5 55. Ng4+ Kf4 56. Nf2 Kg5 57. Nh3+ Kg4 58. Nf2+ Kf4 59. Nh3+ Ke4 60. Nf2+ Ke5 61.
Nh3 Bf1 62. Nf2 h5 63. Ke1 Bg2 64. Kd2 Bf1 65. Ke1 Bc4 66. Kd2 h4 67. Ke1 Kf4 68.
Kd2 Bb5 69. Nh3+ Ke5 70. Nf2 Bd7 71. Nd3+ Kd5 72. Nb4+ Kc4 73. Nd3 h3 74. Nf2 Bf5 75. Nd1 Kd5 76. Nf2 Ke5 77. Nd1 Kf4 78. Nf2 Ke5 79. Nd1 Kf6 80. Nf2 Kg5 81. Nd1 Kg4 82. Nf2+ Kf4 83. Nd1 d3 84. Nf2 Ke5 85. Ke3 Kd5 86.
Kd2 Kd4 87. Nd1 Bg4 88. Nf2 Bf5 89. Nd1 Bd7 90. Nf2 Be6 91. Nxd3 Bd7 92. Nf2 Ke5 93. Ke1 Kf4 94. Nd1 Bb5 95. Kf2 Be2 96. Ne3 Ke4 97. Ng4 Kf4 98. Nf6 Bc4 99. Nd7 Be6 100. Nc5 Bd5 101. Nd3+ Ke4 102. Nb4 Bc4 103. Nc2 Bd3 104. Ne3 Bb5 105.
Nd1 Kf4 106. Nc3 Bd3 107. Na2 Be2 108. Nc1 Bc4 109. Nd3+ Bxd3 110. Ke1 Ke3 111. Kd1 f2 112. Kc1 f1=Q+ 113. Kb2 Qb1+ 114. Kc3 Qb6 1/2-1/2

[Event "*** Titled Tuesday Blitz"]
[Site "Chess.com"]
[Date "2020.12.29"]
[Round "5"]
[White "Logman74"]
[Black "FGHSMN"]
[Result "1/2-1/2"]
[WhiteElo "2378"]
[BlackElo "2645"]
[TimeControl "180+1"]
[EndTime "10:58:13 PST"]
[Termination "Game drawn - insufficient material"]

1. e4 c5 2. Nf3 e6 3. d4 cxd4 4. Nxd4 a6 5. Bd3 Nf6 6. O-O d6 7. c4 Be7 8. Nc3 O-O 9. Be3 Nbd7 10. f4 Qc7 11. b4 Re8 12. Rc1 b6 13. Kh1 Bb7 14.
Qe2 Rac8 15. a4 Qb8 16. Nb3 Bf8 17. a5 bxa5 18. Nxa5 Ba8 19. b5 axb5 20. cxb5 Nc5 21. Bd4 e5 22. fxe5 dxe5 23. Bg1 Nxd3 24. Qxd3 Bb4 25. Nc6 Bxc6 26. bxc6 Rxc6 27. Nd5 Rxc1 28. Nxf6+ gxf6 29. Rxc1 Qd6 30. Qf3 Qe6 31. Rb1 Be7 32. Rb6 Qd7 33. h3 Rd8 34. Qg3+ Kh8 35. Qb3 Bd6 36. Rb7 Qe6 37. Qb6 Rg8 38. Qa7 Rf8 39. Qa6 Bb8 40. Rb6 Qc8 41. Qa3 Re8 42. Rxf6 Qd7 43. Qb3 Kg7 44. Rf5 Bd6 45. Qg3+ Kh8 46.
Qh4 Qe7 47. Qh5 f6 48. Be3 Rf8 49. Kh2 Qf7 50. Bh6 Qxh5 51. Rxh5 Rg8 52. Rh4 Rg6 53. Be3 Kg8 54. Rh5 Kg7 55. g4 h6 56. Rf5 Kf7 57.
Kg3 Bf8 58. h4 Ke6 59. Kh3 Rg8 60. Rh5 Rh8 61. g5 fxg5 62. hxg5 Kf7 63. gxh6 Kf6 64.
Rf5+ Kg6 65. Rg5+ Kf6 66. Rf5+ Ke6 67. Rh5 Rh7 68. Kg4 Kf6 69. Rf5+ Ke6 70. Kh5 Rb7 71. Kg6 Bxh6 72. Kxh6 Rb4 73. Rg5 Rxe4 74. Rg6+ Kd5 75. Bg5 Rg4 76. Kg7 e4 77. Kf6 Kc4 78. Kf5 Rg2 79. Kxe4 Rc2 80. Be3 Kb3 81. Rb6+ Kc3 82. Bd4+ Kd2 83. Rb3 Kd1 84. Rh3 Re2+ 85. Be3 Kc2 86.
Rg3 Kb2 87. Kd4 Rc2 88. Rg5 Ka2 89. Ke4 Kb2 90. Kf3 Rc3 91. Rb5+ Rb3 92. Rc5 Ka3 93.
Ke4 Kb4 94. Bd4 Ka4 95. Kd5 Kb4 96. Rc4+ Ka3 97. Bc3 Rb5+ 98. Kd4 Rb8 99. Kd3 Kb3 100. Rd4 Rg8 101. Rb4+ Ka3 102. Kc2 Rg2+ 103. Kd3 Rg3+ 104. Kd2 Rg2+ 105. Kd1 Rg1+ 106. Ke2 Rg2+ 107. Kf3 Rc2 108. Be1 Rc1 109. Re4 Kb3 110. Kf4 Rc4 111. Rxc4 Kxc4 1/2-1/2